 Dungeon Crawl Stone Soup version 0.29-a0-409-gd843f3a48c (webtiles) character file.

Game seed: 17429533199351442620

85347 freelancePsychic the Frost Mage (level 15, -5/120 HPs)
             Began as a Vampire Enchanter on May 13, 2022.
             Was a High Priest of Vehumet.
             Slain by a reaper
             ... wielding a +1 scythe of freezing
              (42 damage)
             ... in a Gauntlet on May 14, 2022.
             The game lasted 01:01:01 (25613 turns).

freelancePsychic the Frost Mage (VpEn)             Turns: 25613, Time: 01:01:01

Health: -5/120     AC: 22    Str:  7    XL:     15   Next: 37%
Magic:  13/29      EV: 13    Int: 30    God:    Vehumet [*****.]
Gold:   1042       SH:  5    Dex: 16    Spells: 11/34 levels left

rFire   + . .      SeeInvis +   b - staff of cold
rCold   + . .      Faith    .   H - +0 buckler
rNeg    . . .      Spirit   .   x - +4 swamp dragon scales
rPois   +          Reflect  .   K - +2 hat
rElec   .          Harm     .   r - +2 cloak
rCorr   .          Rampage  .   g - +2 pair of gloves
Will    +....      NoTele   +   k - +0 pair of boots
Stlth   +++++.....              q - amulet of regeneration
HPRegen 1.30/turn               F - ring of protection from fire
MPRegen 0.21/turn               Q - +6 ring of intelligence

@: very slightly contaminated, healing quickly, studying Armour, unable to drink
A: alive, fangs 3, see invisible, vampiric 2
a: Exsanguinate, Renounce Religion


You were in a Gauntlet.
You worshipped Vehumet.
Vehumet was extremely pleased with you.
You visited 4 branches of the dungeon, and saw 24 of its levels.
You also visited: Bailey, Gauntlet and Volcano.

You collected 2144 gold pieces.
You spent 1102 gold pieces at shops.

Inventory:

Hand Weapons
 a - a +4 dagger of flaming
Armour
 g - a +2 pair of gloves (worn)
 k - a +0 pair of boots (worn)
 o - a +0 robe
 r - a +2 cloak (worn)
 x - +4 swamp dragon scales (worn)
 H - a +0 buckler (worn)
 K - a +2 hat (worn)
 L - a +2 leather armour of fire resistance
 Y - the -1 pair of gloves of Ukhuumne {+Inv rCorr Int+3 Dex+4}
   (You found it in a Gauntlet)

   Int:       It affects your intelligence (+3).
   Dex:       It affects your dexterity (+4).
   +Inv:      It lets you turn invisible.
   rCorr:     It protects you from acid and corrosion.
Magical Staves
 b - a staff of cold (weapon)
Jewellery
 l - a ring of wizardry
 q - an amulet of regeneration (around neck)
 F - a ring of protection from fire (left hand)
 I - a +6 ring of dexterity
 Q - a +6 ring of intelligence (right hand)
 U - a ring of fire
 W - a ring of magical power
Wands
 s - a wand of mindburst (17)
 y - a wand of iceblast (21)
 B - a wand of charming (9)
 C - a wand of polymorph (9)
 N - a wand of paralysis (8)
 P - a wand of acid (4)
Scrolls
 h - 4 scrolls of torment
 i - 7 scrolls of immolation
 p - 10 scrolls of teleportation {@r4}
 t - 2 scrolls of magic mapping
 u - 7 scrolls of vulnerability
 w - 2 scrolls of fog
 D - 2 scrolls of amnesia
 M - 4 scrolls of blinking
 R - 2 scrolls of summoning
 T - 3 scrolls of poison
 V - a scroll of fear
 X - a scroll of enchant weapon
Potions
 c - 8 potions of curing {@q1}
 d - 4 potions of mutation
 e - 2 potions of flight
 f - a potion of berserk rage
 j - 2 potions of degeneration
 m - 3 potions of resistance
 n - 7 potions of might
 v - a potion of haste {@q3}
 z - 7 potions of attraction
 A - 4 potions of lignification
 E - 3 potions of brilliance
 G - 5 potions of heal wounds {@q2}
 J - a potion of invisibility
 O - 2 potions of magic
 S - a potion of ambrosia


   Skills:
 + Level 11.6 Fighting
 - Level 5.0 Short Blades
 - Level 6.0 Armour
 + Level 9.9 Dodging
 - Level 12.6 Stealth
 - Level 4.0 Shields
 - Level 10.4 Spellcasting
 - Level 3.0 Conjurations
 - Level 10.8 Hexes
 * Level 6.5 Transmutations
 - Level 14.5 Ice Magic


You had 11 spell levels left.
You knew the following spells:

 Your Spells              Type           Power      Damage    Failure   Level
a - Ensorcelled Hibernat  Hex/Ice        100%       N/A       1%          2
b - Frozen Ramparts       Ice            100%       1d12      1%          3
c - Tukima's Dance        Hex            69%        N/A       1%          3
d - Confusing Touch       Hex            69%        N/A       1%          3
e - Ozocubu's Refrigerat  Ice            50%        4d15      8%          7
h - Irradiate             Conj/Tmut      22%        3d20      13%         5

Your spell library contained the following spells:

 Spells                   Type           Power      Damage    Failure   Level
 Magic Dart               Conj           100%       1d8       1%          1
 Dazzling Flash           Conj/Hex       100%       N/A       1%          3
 Metabolic Englaciation   Hex/Ice        47%        N/A       1%          5
 Summon Guardian Golem    Hex/Summ       48%        N/A       4%          3
 Poisonous Vapours        Pois/Air       30%        N/A       5%          2
 Stone Arrow              Conj/Erth      48%        3d10      6%          3
 Mephitic Cloud           Conj/Pois/Air  21%        N/A       7%          3
 Summon Small Mammal      Summ           60%        N/A       13%         1
 Call Imp                 Summ           15%        N/A       21%         2
 Corpse Rot               Necr/Air       30%        N/A       21%         2
 Sublimation of Blood     Necr           15%        N/A       21%         2
 Iskenderun's Battlesphe  Conj           33%        2d9       26%         5
 Petrify                  Tmut/Erth      35%        N/A       34%         4
 Call Canine Familiar     Summ           15%        N/A       36%         3
 Fireball                 Conj/Fire      12%        3d7       43%         5
 Animate Armour           Summ/Erth      30%        N/A       78%         4
 Dispel Undead            Necr           15%        3d10      78%         4
 Conjure Ball Lightning   Conj/Air       12%        3x3d6     92%         6
 Statue Form              Tmut/Erth      23%        N/A       99%         6
 Orb of Destruction       Conj           16%        9d7       99%         7
 Death Channel            Necr           7%         N/A       100%        6
 Lehudib's Crystal Spear  Conj/Erth      12%        10d4      100%        8


Dungeon Overview and Level Annotations

Branches:
Dungeon (15/15)            Temple (1/1) D:6            Lair (6/6) D:10
 Shoals (0/4) Lair:4       Spider (0/4) Lair:4        Slime (0/5) Lair:5
    Orc (2/2) D:9             Elf (0/3) Orc:2        Vaults (0/5) D:13
 Depths (0/4) D:15         Bailey (visited)         Volcano (visited)
Gauntlet (1/1)

Altars:
Ashenzari
Cheibriados
Dithmenos
Elyvilon
Fedhas
Gozag
Hepliaklqana
Kikubaaqudgha
Makhleb
Okawaru
Qazlal
Ru
Sif Muna
Trog
Uskayaw
Vehumet
Wu Jian
Xom
Zin
The Shining One

Shops:
D:5 *[[   D:7 (   D:11 (   Orc:2 *:?!!

Portals:
Trove: D:14 (give 2 scrolls of acquirement)

Annotations:
D:7 exclusions: skeletal warrior and 2 more exclusions
D:8 1 runed translucent door, ytrimaz's ghost, novice DsBe
Lair:4 exclusion: 3 electric eels Gauntlet 7 transporters, 2 runed translucent doors


Innate Abilities, Weirdness & Mutations

Your natural rate of healing is accelerated.
You have razor-sharp teeth.
You have supernaturally acute eyesight. (SInv)
You are afflicted with vampirism and can become a bat while bloodless.


Message History

The reaper enters a dispersal trap!
You blink.
The reaper blinks!
The reaper hits you from afar with a +1 scythe of freezing!!
The reaper freezes you.
You see here a +0 hat of see invisible.
The hellwing hits you! You block the hellwing's attack.
You see here a +2 short sword of protection.
Casting: Irradiate (dangerous; 13% risk of failure)
Confirm with . or Enter, or press ? or * to list all spells.
You erupt in a fountain of uncontrolled magic!
The hellwing is blasted with magical radiation!
The hellwing is moderately wounded.
The hellwing twists and deforms.
You are very lightly contaminated with residual magic.
The hellwing hits you.
The hellwing hits you but does no damage.
The reaper hits you from afar with a +1 scythe of freezing!
Casting: Irradiate (dangerous; 13% risk of failure)
Confirm with . or Enter, or press ? or * to list all spells.
You erupt in a fountain of uncontrolled magic!
The hellwing is blasted with magical radiation!
The hellwing is moderately wounded.
The hellwing twists and deforms.
The hellwing misses you.
The hellwing hits you but does no damage.
The reaper hits you from afar with a +1 scythe of freezing!!!
* * * LOW HITPOINT WARNING * * *
The reaper freezes you.
* * * LOW HITPOINT WARNING * * *
Casting: Irradiate (dangerous; 13% risk of failure)
Confirm with . or Enter, or press ? or * to list all spells.
You feel a surge of power!
The heat is drained from your surroundings.
You feel very cold.
The hellwing and the reaper are frozen.
You kill the hellwing!
Vehumet accepts your kill.
You feel your power returning.
The reaper resists.
The reaper is moderately wounded.
The reaper hits you but does no damage.
The reaper draws a finger across its throat.
The reaper hits you from afar with a +1 scythe of freezing!!!
You die...

≈....#©.........©#....≈##
#.#########.#########.##
≈.#.......#.#.##....#.≈##
≈.#..####.#.#..##§.##.≈≈#
≈.#.##..#Z#.#.^.#.###.≈##
#.#.#.©#.k###©##.##.#.##
≈.#.#.##..#.###2#.^.#.≈##
≈.#.##....#.##[^##..#.≈≈#
≈.#.=!©=.k#.#.$)@##.#.≈##
#.#########.#########.##
≈.....................≈#
≈≈#≈≈≈#..∩.8.∩..#≈≈≈#≈≈≈#
≈###≈###.......###≈###≈##
# ### ######### ### ##
.......... 8.8.©.©.8.8
.............


You could see a reaper and a death drake.

Vanquished Creatures
  Gastronok (Lair:1)
  An ettin (Orc:2)
  4 hydras
  An ogre mage (D:13)
  3 catoblepae
  Erica (D:11)
  A boulder beetle (D:14)
  A merfolk avatar (Lair:6)
  4 two-headed ogres
  3 centaur warriors
  3 death yaks (Lair:6)
  A tengu warrior (D:11)
  3 orc high priests (Orc:2)
  A soul eater (Gauntlet)
  A sea snake (Lair:6)
  An orb spider (Lair:4)
  A harpy (Lair:6)
  7 orc knights
  A deep elf pyromancer (D:14)
  4 ugly things
  4 orc sorcerers (Orc:2)
  4 cyclopes
  5 manticores
  A salamander (shapeshifter) (D:15)
  24 elephants
  4 black mambas
  9 cane toads
  4 gargoyles
  3 unseen horrors
  Maggie (D:7)
  A rime drake (shapeshifter) (D:15)
  A kobold demonologist (D:13)
  2 yaktaurs
  5 rime drakes
  A freezing wraith (D:14)
  11 komodo dragons
  2 tengu conjurers
  A hellwing (Gauntlet)
  7 trolls
  A queen bee (shapeshifter) (D:12)
  A wind drake (Lair:4)
  4 polar bears
  2 harpy skeletons (Volcano)
  2 hornets
  9 slime creatures
  20 blink frogs
  2 flying skulls (Volcano)
  2 wraiths (D:11)
  A centaur simulacrum (D:12)
  2 vampires
  5 shadows
  Grum (D:8)
  4 wyverns
  48 yaks
  A golden eye (shapeshifter) (D:13)
  3 basilisks
  5 steam dragons
  10 vampire mosquitoes
  Edmund (D:5)
  3 wargs
  7 water moccasins
  25 orc warriors
  4 black bears
  4 boggarts (Lair:6)
  4 ogres
  17 centaurs
  31 wolves
  9 kobold brigands
  2 phantoms
  7 bullfrogs
  2 scorpions
  2 gnoll sergeants
  2 necrophages
  A wight (D:8)
  11 killer bees (D:9)
  2 spriggan skeletons (Volcano)
  An electric eel (Lair:1)
  7 howler monkeys
  6 jellies
  17 orc priests
  Crazy Yiuf (D:2)
  2 hounds
  An iguana (D:6)
  22 orc wizards
  A mummy (D:9)
  A howler monkey zombie (D:9)
  9 adders
  17 gnolls
  7 shadow imps
  2 white imps (D:7)
  A dart slug (D:1)
  87 orcs
  8 endoplasms
  2 giant cockroaches
  29 hobgoblins
  54 kobolds
  6 ball pythons
  4 bats
  3 frilled lizards
  38 goblins
  5 rats
721 creatures vanquished.

Vanquished Creatures (collateral kills)
  A vault guard (D:13)
  A hydra (D:12)
  2 two-headed ogres (D:9)
  An ogre (D:5)
  2 centaurs (D:13)
  7 wights
  An orc wizard (D:9)
  A gnoll (D:10)
  An orc (D:7)
17 creatures vanquished.

Vanquished Creatures (others)
  5 dancing weapons
  An orc (Orc:2)
  30 fungi
  77 plants
  9 withered plants (D:9)
122 creatures vanquished.

Grand Total: 860 creatures vanquished

Notes
Turn   | Place    | Note
-------+----------+-------------------------------------------
     0 | D:1      | freelancePsychic the Vampire Enchanter began the quest for
                  | the Orb.
     0 | D:1      | Reached XP level 1. HP: 13/13 MP: 3/3
   265 | D:1      | Reached XP level 2. HP: 19/19 MP: 5/5
   405 | D:1      | Reached skill level 1 in Ice Magic
   536 | D:1      | Reached skill level 5 in Stealth
   536 | D:1      | Gained mutation: You are afflicted with vampirism and can
                  | become a bat while bloodless. [Vampire growth]
   536 | D:1      | Reached XP level 3. HP: 17/24 MP: 6/6
   573 | D:1      | Learned a level 2 spell: Ensorcelled Hibernation
   670 | D:1      | Reached skill level 5 in Hexes
  1258 | D:2      | Reached XP level 4. HP: 24/24 MP: 7/7
  1392 | D:2      | Found a faded altar of an unknown god.
  1837 | D:2      | Reached skill level 1 in Fighting
  1844 | D:2      | Found a runed translucent door.
  1845 | D:2      | Noticed Crazy Yiuf
  1851 | D:2      | Killed Crazy Yiuf
  1852 | D:2      | Reached skill level 2 in Ice Magic
  2047 | D:3      | Reached XP level 5. HP: 29/29 MP: 5/8
  2934 | D:3      | Reached XP level 6. HP: 16/39 MP: 4/9
  3929 | D:4      | Learned a level 3 spell: Tukima's Dance
  3933 | D:4      | Learned a level 3 spell: Confusing Touch
  4036 | D:4      | Reached skill level 3 in Ice Magic
  4278 | D:5      | Entered Level 5 of the Dungeon
  4413 | D:5      | Noticed a hornet
  4421 | D:5      | Paralysed by a hornet for 3 turns
  4425 | D:5      | Killed a hornet
  4426 | D:5      | Reached XP level 7. HP: 4/51 MP: 6/10
  4427 | D:5      | HP: 2/51 [poisoned by a hornet]
  4786 | D:5      | Reached skill level 4 in Ice Magic
  4830 | D:5      | Found Vush's Antique Armour Boutique.
  4891 | D:5      | Found Giarr's Antique Armour Shop.
  4897 | D:5      | Bought a crude cloak for 294 gold pieces
  4897 | D:5      | Identified the +0 cloak "Fydghueti" {Dex+4} (You bought it
                  | in a shop on level 5 of the Dungeon)
  4907 | D:5      | Found Hofyergh's Assorted Antiques.
  4969 | D:5      | Noticed Edmund
  4975 | D:5      | Killed Edmund
  5005 | D:5      | Reached XP level 8. HP: 58/58 MP: 8/11
  5032 | D:5      | Reached skill level 5 in Short Blades
  6234 | D:6      | Reached skill level 5 in Ice Magic
  6533 | D:6      | Found a staircase to the Ecumenical Temple.
  6556 | D:6      | Reached XP level 9. HP: 67/67 MP: 6/12
  6560 | Temple   | Entered the Ecumenical Temple
  6838 | Temple   | Became a worshipper of Vehumet
  6892 | D:6      | Found a hazy altar of Hepliaklqana.
  7226 | D:7      | Reached skill level 5 in Fighting
  7242 | D:7      | Found a flagged portal.
  7272 | Bailey   | Entered a bailey
  7324 | Bailey   | Reached skill level 6 in Ice Magic
  7473 | Bailey   | Noticed an orc knight
  7484 | Bailey   | Reached * piety under Vehumet
  7484 | Bailey   | Offered knowledge of Freeze by Vehumet.
  7488 | Bailey   | Killed an orc knight
  7489 | Bailey   | Reached skill level 10 in Stealth
  7489 | Bailey   | Reached skill level 7 in Ice Magic
  7530 | Bailey   | Found an iron altar of Okawaru.
  7696 | D:7      | Noticed a manticore
  7703 | D:7      | Killed a manticore
  7741 | D:7      | Noticed a skeletal warrior
  7793 | D:7      | Found Hoicue's Antique Weapon Shop.
  7950 | D:7      | Noticed Maggie
  7961 | D:7      | Killed Maggie
  7962 | D:7      | Reached XP level 10. HP: 59/77 MP: 6/13
  8054 | D:5      | Bought a spiked leather armour for 217 gold pieces
  8054 | D:5      | Identified the +0 leather armour of Xokhuj {rF+} (You
                  | bought it in a shop on level 5 of the Dungeon)
  8346 | D:7      | Reached skill level 1 in Armour
  9211 | D:8      | Reached skill level 8 in Ice Magic
  9247 | D:8      | Found a runed translucent door.
  9248 | D:8      | Noticed a cyan ugly thing
  9248 | D:8      | Noticed ytrimaz's ghost (novice DsBe)
  9396 | D:8      | Noticed a two-headed ogre
  9415 | D:8      | Noticed Grum
  9417 | D:8      | Killed a two-headed ogre
  9430 | D:8      | Killed Grum
  9892 | D:9      | Reached ** piety under Vehumet
  9892 | D:9      | Offered knowledge of Searing Ray by Vehumet.
  9937 | D:9      | Reached skill level 5 in Armour
 10011 | D:9      | Reached skill level 9 in Ice Magic
 10020 | D:9      | Noticed a two-headed ogre
 10097 | D:8      | Offered knowledge of Frozen Ramparts by Vehumet.
 10107 | D:8      | Learned a level 3 spell: Frozen Ramparts
 10129 | D:9      | Killed a two-headed ogre
 10130 | D:9      | Reached XP level 11. HP: 48/86 MP: 2/14
 10276 | D:9      | Found a staircase to the Orcish Mines.
 10295 | D:9      | Reached *** piety under Vehumet
 10487 | D:9      | Offered knowledge of Inner Flame by Vehumet.
 10659 | D:9      | Noticed a two-headed ogre
 10672 | D:9      | Killed a two-headed ogre
 10675 | D:9      | Reached **** piety under Vehumet
 11325 | D:10     | Entered Level 10 of the Dungeon
 11345 | D:10     | Offered knowledge of Olgreb's Toxic Radiance by Vehumet.
 11649 | D:10     | Reached skill level 10 in Ice Magic
 11694 | D:10     | Found a staircase to the Lair.
 11730 | D:10     | Noticed a two-headed ogre
 11749 | D:10     | Killed a two-headed ogre
 11928 | Lair:1   | Entered Level 1 of the Lair of Beasts
 12232 | Lair:1   | Reached skill level 10 in Hexes
 12400 | Lair:1   | Reached skill level 5 in Spellcasting
 12570 | Lair:1   | Noticed Gastronok
 12573 | Lair:1   | Reached XP level 12. HP: 91/96 MP: 19/19
 12595 | Lair:1   | Killed Gastronok
 12957 | Lair:1   | Upgraded the game from 0.29-a0-398-ge13fd1374b to
                  | 0.29-a0-409-gd843f3a48c
 13254 | Lair:2   | Noticed an eight-headed hydra
 13263 | Lair:2   | Killed an eight-headed hydra
 14276 | Lair:4   | Reached skill level 5 in Dodging
 14395 | Lair:4   | Reached skill level 11 in Ice Magic
 14637 | Lair:4   | Found a staircase to the Shoals.
 14640 | Lair:4   | Reached ***** piety under Vehumet
 14924 | Lair:4   | Found a radiant altar of Vehumet.
 14947 | Lair:4   | Found a hole to the Spider Nest.
 15164 | Lair:4   | Offered knowledge of Ozocubu's Refrigeration by Vehumet.
 15173 | Lair:4   | Learned a level 7 spell: Ozocubu's Refrigeration
 15259 | Lair:5   | Found a dark tunnel.
 15267 | Volcano  | Entered a volcano
 15383 | Volcano  | Reached skill level 12 in Ice Magic
 15749 | Lair:5   | Reached XP level 13. HP: 64/102 MP: 23/23
 15921 | Lair:5   | Reached skill level 13 in Ice Magic
 16079 | Lair:5   | Found a staircase to the Slime Pits.
 16852 | Lair:6   | Entered Level 6 of the Lair of Beasts
 16862 | Lair:6   | Reached skill level 14 in Ice Magic
 17279 | Lair:6   | Offered knowledge of Iskenderun's Battlesphere by Vehumet.
 17545 | Lair:6   | Reached skill level 10 in Fighting
 17719 | Lair:6   | Reached XP level 14. HP: 110/110 MP: 14/27
 18912 | D:11     | Noticed Erica
 18922 | D:11     | Killed Erica
 19167 | D:5      | Bought a buckler for 139 gold pieces
 19279 | Orc:1    | Entered Level 1 of the Orcish Mines
 19301 | Orc:1    | Reached skill level 10 in Spellcasting
 19380 | Orc:2    | Entered Level 2 of the Orcish Mines
 19393 | Orc:2    | Reached skill level 1 in Shields
 19811 | Orc:2    | Found a staircase to the Elven Halls.
 19832 | Orc:2    | Found Lopn's Assorted Antiques.
 20020 | Orc:2    | Offered knowledge of Starburst by Vehumet.
 20558 | Orc:2    | Found Ukatsum's Magic Scroll Boutique.
 20558 | Orc:2    | Found Zisem's Book Shoppe.
 20561 | Orc:2    | Found Ceibb's Distillery.
 20561 | Orc:2    | Found Vadiq's Distillery.
 20577 | Orc:2    | Bought a potion of brilliance for 60 gold pieces
 20579 | Orc:2    | Bought a book of Alchemy for 392 gold pieces
 20585 | Orc:2    | Learned a level 5 spell: Irradiate
 20922 | D:11     | Reached skill level 1 in Transmutations
 21048 | D:11     | Found Dopeq's Antique Weapon Shop.
 21627 | D:11     | Reached skill level 1 in Conjurations
 21775 | D:12     | Found an iron altar of Okawaru.
 23003 | D:13     | Reached XP level 15. HP: 119/119 MP: 10/29
 23175 | D:13     | Found a gate to the Vaults.
 23785 | D:13     | Offered knowledge of Fireball by Vehumet.
 23807 | D:13     | Reached skill level 5 in Transmutations
 24251 | D:14     | Found a blossoming altar of Fedhas.
 24853 | D:14     | Reached ****** piety under Vehumet
 24997 | D:14     | Found a portal to a secret trove of treasure.
 25187 | D:15     | Entered Level 15 of the Dungeon
 25203 | D:15     | Found a gate leading to a gauntlet.
 25215 | Gauntlet | Entered a Gauntlet
 25215 | Gauntlet | Found a transporter.
 25215 | Gauntlet | Found a transporter.
 25215 | Gauntlet | Found a runed translucent door.
 25215 | Gauntlet | Found a runed translucent door.
 25215 | Gauntlet | Found a runed translucent gate.
 25286 | Gauntlet | Found a runed translucent gate.
 25291 | Gauntlet | Found a runed translucent gate.
 25298 | Gauntlet | Found a transporter.
 25298 | Gauntlet | Found a transporter.
 25302 | Gauntlet | Found a transporter.
 25302 | Gauntlet | Found a transporter.
 25328 | Gauntlet | Found a transporter.
 25332 | Gauntlet | Found a transporter.
 25341 | Gauntlet | Found a transporter.
 25357 | Gauntlet | Found a transporter.
 25371 | Gauntlet | Found a transporter.
 25375 | Gauntlet | Found a transporter.
 25489 | Gauntlet | Identified the -1 pair of gloves of Ukhuumne {+Inv rCorr
                  | Int+3 Dex+4}
 25613 | Gauntlet | Slain by a reaper

Illustrated notes

Levels and vault maps discovered:
D:1:      saegor_arrival_simple_e, layout_basic, minmay_hexomino_u4
D:2:      layout_loops_ring, dreamdust_ecumenical_altar_hidden_monk_grotto,
          uniq_crazy_yiuf_cottage
D:3:      minmay_goblin_kobold_castle, layout_basic, supply_closet_lemuel
D:4:      layout_cave_pools
D:5:      kennysheep_kobold_camp, layout_layer_cave, serial_shops, shop, shop,
          shop, uniq_edmund
D:6:      layout_rooms, mainiacjoe_overflow_catwalk,
          minmay_temple_entry_stoned_glass, grunt_ministairs_7,
          minmay_manual_monstrance
D:7:      layout_basic, enter_bailey_4, serial_shops, nicolae_shop_crystal,
          kb_rosetta, uniq_maggie
D:8:      layout_loops_ring, ebering_ghost_inner_flame, uniq_grum
D:9:      layout_basic, hiddenorc2_lemuel, serial_undead, serial_undead_f,
          serial_undead_c, serial_undead_e, serial_undead_d, serial_undead_c,
          serial_undead_e
D:10:     layout_basic, david_lair_generic, abandoned_shop
D:11:     layout_layer_cave, serial_shops, nicolae_shop_waterfront,
          grunt_ministairs_2, uniq_erica
D:12:     minmay_bloctagon_deflated, layout_loops_corners, okawaru_gym_becter
D:13:     nicolae_BIG_FREAKIN_CUBE, layout_long_grid, david_vaults_5
D:14:     layout_long_grid, fedhas_altar_1, nicolae_trove_entry_crystal
D:15:     grunt_enter_depths_hoard, layout_layer_cave, gauntlet_entry_generic,
          nicolae_tso_carved_into_rock, minmay_misc_feat_square,
          serial_park_tiny_pond, minivault_24, nicolae_uskayaw_suspiria
Temple:   mainiacjoe_temple_circle_huts
Lair:1:   layout_regular_city, grunt_megastairs_2, serial_bayou_shore_a,
          uniq_gastronok
Lair:2:   layout_big_grid, chequers_serial_rivers_micro_a, minivault_27,
          lemuel_fruit_tree
Lair:3:   layout_regular_city
Lair:4:   layout_regular_city, minmay_shoals_entry_beasts,
          nicolae_spider_entry_orb_guardian, basic_altar, serial_bayou_lake_a
Lair:5:   layout_hall_layers, minmay_slime_entry_pillars,
          lightli_volcano_entry_magma_tube
Lair:6:   gammafunk_lair_ancient_temple, layout_hall_layers,
          kilobyte_rumbling_trees
Orc:1:    minmay_goldmine, layout_caves, nicolae_shop_clearance
Orc:2:    grunt_orc_tribal_feast, layout_caves, serial_shops, nicolae_shop_trees
Gauntlet: minmay_gauntlet_77_indecision [minmay_gauntlet_arena_77_cramped,
          minmay_gauntlet_arena_77_run_for_it, minmay_gauntlet_arena_77_braids,
          minmay_gauntlet_arena_77_box, minmay_gauntlet_arena_77_fan,
          minmay_gauntlet_arena_77_hold_the_fort, gauntlet_exit_green]

Skill      XL: |  1  2  3  4  5  6  7  8  9 10 11 12 13 14 15 |
---------------+----------------------------------------------+-----
Ice Magic      | 1 2 3 4 5 7 9 10 12 14 | 14.5
Stealth        | 5 6 8 11 12 | 12.6
Short Blades   | 2 3 4 5 |  5.0
Hexes          | 5 6 7 9 10 | 10.8
Fighting       | 1 2 3 4 6 8 9 10 11 | 11.6
Armour         | 6 |  6.0
Spellcasting   | 5 6 9 10 | 10.4
Dodging        | 3 6 7 9 |  9.9
Shields        | 4 |  4.0
Transmutations | 4 6 |  6.5
Conjurations   | 1 3 |  3.0

Action                   |  1- 3 |  4- 6 |  7- 9 | 10-12 | 13-15 || total
-------------------------+-------+-------+-------+-------+-------++-------
Melee: Dagger            |    56 |   376 |   279 |   704 |   238 ||  1653
       Bite              |     3 |    34 |    26 |    93 |    93 ||   249
       Punch             |       |     7 |     3 |    11 |     1 ||    22
       Staff             |       |       |       |       |   200 ||   200
 Cast: Ensorcelled Hiber |       |    41 |    34 |    59 |    39 ||   173
       Confusing Touch   |       |     1 |     6 |     4 |     8 ||    19
       Tukima's Dance    |       |       |     4 |    26 |     7 ||    37
       Frozen Ramparts   |       |       |       |    28 |     3 ||    31
       Ozocubu's Refrige |       |       |       |       |   135 ||   135
       Irradiate         |       |       |       |       |    17 ||    17
 Abil: Exsanguinate      |     1 |       |       |       |       ||     1
       Revivify          |       |     1 |       |       |       ||     1
Evoke: Wand              |       |     2 |     2 |    10 |     1 ||    15
  Use: Potion            |     2 |     4 |     4 |     2 |       ||    12
       Scroll            |     2 |    11 |     4 |    13 |    10 ||    40
 Stab: Sleeping          |    16 |    33 |    33 |    55 |    44 ||   181
       Invisible         |     2 |       |       |       |       ||     2
       Confused          |       |     1 |     4 |     4 |     5 ||    14
       Petrified         |       |       |       |       |     2 ||     2
Armor: Robe              |     7 |   149 |   126 |     2 |       ||   284
       Swamp dragon scal |       |       |       |   476 |   263 ||   739
Dodge: Dodged            |    26 |   289 |   230 |   402 |   303 ||  1250
Block: Buckler           |       |       |       |       |    92 ||    92

Table legend: (Time is in decaauts)
 A = Elapsed time spent in this place.
 B = Non-inter-level travel time spent in this place.
 C = Inter-level travel time spent in this place.
 D = Time resting spent in this place.
 E = Time spent auto-exploring this place.
 F = Levels seen in this place.
 G = Mean time per level.
                   A        B        C        D        E       F      G
               +--------+--------+--------+--------+--------+-----+--------+
         Total |  25355 |  24084 |   1271 |    289 |  18914 |  27 |  939.1 |
       Dungeon |  16014 |  15129 |    885 |    135 |  12052 |  15 | 1067.6 |
        Temple |    297 |    247 |     50 |      0 |    227 |   1 |  297.0 |
          Lair |   6727 |   6455 |    272 |    154 |   5071 |   6 | 1121.2 |
  Orcish Mines |   1452 |   1389 |     63 |      0 |   1095 |   2 |  726.0 |
        Bailey |    293 |    293 |      0 |      0 |    187 |   1 |  293.0 |
       Volcano |    178 |    178 |      0 |      0 |     24 |   1 |  178.0 |
      Gauntlet |    391 |    391 |      0 |      0 |    257 |   1 |  391.0 |
               +--------+--------+--------+--------+--------+-----+--------+

Top non-repeatable levels by time:
     D:5: 1951 daAuts
     D:3: 1807 daAuts
  Lair:6: 1789 daAuts
  Lair:5: 1607 daAuts
     D:9: 1400 daAuts
     D:7: 1382 daAuts
   Orc:2: 1348 daAuts
    D:14: 1191 daAuts
    D:11: 1184 daAuts
    D:12: 1152 daAuts
    D:13: 1066 daAuts
     D:1: 1034 daAuts
  Lair:1: 1033 daAuts
  Lair:4: 1009 daAuts
     D:8: 1007 daAuts
